 Dungeon Crawl Stone Soup version 0.24.0-13-gcf9b3192b9 (webtiles) character file.

Game seed: 995910718979266925, levelgen mode: deterministic

96 Katsumi the Changer (level 4, -6/19 HPs)
             Began as a Felid Transmuter on Nov 10, 2019.
             Mangled by an orc
             ... wielding a +0 mace
              (10 damage)
             ... on level 4 of the Dungeon.
             The game lasted 00:07:34 (6388 turns).

Katsumi the Changer (Felid Transmuter)              Turns: 6388, Time: 00:07:35

Health: -6/19      AC:  1    Str:  6    XL:     4   Next: 41%
Magic:  8/8        EV: 18    Int: 15    God:
Gold:   98         SH:  0    Dex: 15    Spells: 0/7 levels left
                                        Lives:  0   Deaths: 1

rFire    . . .     SeeInvis +     - Unarmed
rCold    . . .     Gourm    .   (shield unavailable)
rNeg     . . .     Faith    .   (armour unavailable)
rPois    +         Spirit   .   (helmet unavailable)
rElec    .         Reflect  .   (cloak unavailable)
rCorr    .         Harm     .   (gloves unavailable)
MR       .....                  (boots unavailable)
Stlth    ++........             (no amulet)
HPRegen  0.06/turn              k - ring of poison resistance
MPRegen  0.11/turn              (no ring)

@: quick
A: very small, no armour, no weapons or thrown items, stealth, claws 1, fangs 3,
see invisible, carnivore, clumsy 1, speed 1, shaggy fur 1, slow metabolism 1,
sharp paws
a: no special abilities


You were on level 4 of the Dungeon.
You were not hungry.

You visited 1 branch of the dungeon, and saw 4 of its levels.

You collected 98 gold pieces.

Inventory:

Missiles
 a - 31 arrows
Jewellery
 k - a ring of poison resistance (left paw)
Wands
 j - a wand of flame (16)
Scrolls
 b - a scroll of remove curse
 d - a scroll of blinking {unknown}
 f - a scroll of immolation {unknown}
 g - 4 scrolls of identify {unknown}
 h - a scroll of fog {unknown}
 i - a scroll of magic mapping {unknown}
Potions
 e - a potion of lignification {unknown}
Comestibles
 c - 7 rations


   Skills:
 - Level 1.0 Fighting
 - Level 2.6 Dodging
 - Level 3.0 Unarmed Combat
 - Level 2.0 Spellcasting
 + Level 6.3 Transmutations


You couldn't memorise any spells.
You knew the following spells:

 Your Spells              Type           Power        Failure   Level  Hunger
a - Beastly Appendage     Tmut           ###...       1%          1    #......
b - Sticks to Snakes      Tmut           ###.....     2%          2    ###....
c - Blade Hands           Tmut           ###.......   41%         5    ######.

Your spell library contained the following spells:

 Spells                   Type           Power        Failure   Level  Hunger
 Spider Form              Tmut/Pois      ##........   19%         3    ###....
 Ice Form                 Ice/Tmut       ##......     52%         4    #####..


Dungeon Overview and Level Annotations

Branches:
Dungeon (4/15)
 Temple: D:4-7

Altars:
Ashenzari
Hepliaklqana
Nemelex Xobeh
Okawaru
Sif Muna
Uskayaw
Wu Jian
Xom
Yredelemnul


Innate Abilities, Weirdness & Mutations

You cannot wear armour.
You are incapable of wielding weapons or throwing items.
Your paws allow you to move quietly. (Stealth)
You have sharp claws.
You have razor-sharp teeth.
You have supernaturally acute eyesight. (SInv)
You are carnivorous and can eat meat at any time.
You cover ground quickly.
You are covered in fur. (AC +1)
You have a slow metabolism.
Your sharp claws are effective at attacking unaware monsters.
You are clumsy. (Dex -2)


Message History

The quokka skeleton barely misses you. The quokka skeleton misses you.
The orc closely misses you.
The orc shouts!
The quokka skeleton bites you but does no damage.
An orc comes into view. It is wielding a +0 mace.
The orc closely misses you. The orc hits you with a +3 short sword.
The quokka skeleton bites you. The orc completely misses you.
The orc closely misses you.
The quokka skeleton completely misses you.
The orc closely misses you. x2
The quokka skeleton bites you.
* * * LOW HITPOINT WARNING * * *
The quokka skeleton misses you. The orc misses you.
The orc completely misses you. The quokka skeleton barely misses you.
The orc completely misses you. The orc barely misses you.
The quokka skeleton closely misses you. The orc misses you.
The orc barely misses you. The quokka skeleton closely misses you.
The orc hits you with a +0 mace!
Ouch! That really hurt!
You die...

.....# #
....## .
...... .#
....##.#
###.....>.#
....$.#..#.
#oZo......
#o@o.#
#.....#
#...#....
#...#.###.#
#...# #
.....
.....#
.......


You could see 4 orcs and a quokka skeleton.

Vanquished Creatures
  A hound (D:4)
  Natasha (D:2)
  An orc wizard (D:3)
  3 oozes
  A worm (D:2)
  3 dart slugs
  4 leopard geckos
  3 orcs (D:3)
  A ball python (D:1)
  9 bats
  4 giant cockroaches
  4 hobgoblins
  5 jackals
  A quokka (D:3)
  2 frilled lizards (D:1)
  7 goblins
  6 kobolds
  7 rats
  A spectral orc (D:3)
64 creatures vanquished.

Vanquished Creatures (collateral kills)
  Natasha (twice) (D:2)
  An adder (D:3)
  A frilled lizard (D:2)
4 creatures vanquished.

Grand Total: 68 creatures vanquished

Notes
Turn   | Place    | Note
-------+----------+-------------------------------------------
     0 | D:1      | Katsumi the Felid Transmuter began the quest for the Orb.
     0 | D:1      | Reached XP level 1. HP: 9/9 MP: 4/4
   528 | D:1      | Reached skill level 3 in Transmutations
   538 | D:1      | Reached XP level 2. HP: 11/12 MP: 6/6
  1353 | D:1      | Learned a level 2 spell: Sticks to Snakes
  1447 | D:2      | Reached XP level 3. HP: 15/15 MP: 5/7
  2018 | D:2      | Reached skill level 4 in Transmutations
  2395 | D:2      | Noticed Natasha
  2658 | D:2      | Killed Natasha
  2792 | D:2      | Found an iron altar of Okawaru.
  3249 | D:2      | Found a shimmering altar of Xom.
  3250 | D:2      | Found a shimmering blue altar of Sif Muna.
  3263 | D:2      | Found a hide-covered altar of Uskayaw.
  3265 | D:2      | Noticed Natasha
  3266 | D:2      | Found an ornate altar of the Wu Jian Council.
  3295 | D:2      | Found a hazy altar of Hepliaklqana.
  3326 | D:2      | Found a faded altar of an unknown god.
  3977 | D:3      | Reached XP level 4. HP: 17/19 MP: 6/8
  4179 | D:3      | Reached skill level 5 in Transmutations
  4283 | D:3      | Found a basalt altar of Yredelemnul.
  4708 | D:3      | Found a shattered altar of Ashenzari.
  5051 | D:2      | Found a sparkling altar of Nemelex Xobeh.
  5059 | D:2      | Killed Natasha
  5255 | D:2      | Found an iron altar of Okawaru.
  5301 | D:2      | Noticed Natasha
  5343 | D:2      | Killed Natasha
  5788 | D:4      | Reached skill level 6 in Transmutations
  5788 | D:4      | Reached XP level 5. HP: 22/22 MP: 3/9
  5884 | D:3      | Learned a level 5 spell: Blade Hands
  6322 | D:2      | Gained mutation: You are clumsy. (Dex -2) [mutagenic glow]
  6333 | D:2      | Slain by an orc
  6334 | D:2      | Reached XP level 4. HP: -4/19 MP: 2/8
  6388 | D:4      | Mangled by an orc

Levels and vault maps discovered:
D:1:      minmay_arrival_glassed_features, layout_basic,
          ebering_dispersal_statue_hall
D:2:      layout_rooms, xom_teletrap_fun, nicolae_overflow_hidden_temple,
          first_ration, chequers_ecumenical_altar_simple_redux,
          okawaru_ov_weapons_minmay, uniq_natasha
D:3:      layout_loops_cross, yredelemnul_forgotten_temple_becter,
          lemuel_coloured_pillars_altar
D:4:      layout_basic

Skill      XL: |  1  2  3  4 |
---------------+-------------+-----
Transmutations | 3 4 6 |  6.3
Fighting       | |  1.0
Dodging        | |  2.6
Unarmed Combat | |  3.0
Spellcasting   | |  2.0

Action                   |  1- 3 |  4- 6 || total
-------------------------+-------+-------++-------
Melee: Unarmed           |   110 |    81 ||   191
       Headbutt          |    15 |     6 ||    21
       Bite              |     6 |     2 ||     8
       Punch             |       |     1 ||     1
 Cast: Beastly Appendage |    40 |    22 ||    62
       Sticks to Snakes  |     6 |     8 ||    14
       Blade Hands       |       |     2 ||     2
  Use: Scroll            |       |     1 ||     1
 Stab: Sleeping          |     8 |     2 ||    10
  Eat: Chunk             |    15 |     4 ||    19
Armor: Skin              |     5 |     3 ||     8
Dodge: Dodged            |    90 |    89 ||   179
